 Dungeon Crawl Stone Soup version 0.27.0-1-g7a089689b8 (webtiles) character file.

Game seed: 9480500144540009680

72 Naeght the Digger (level 4, 0/34 HPs)
             Began as a Gnoll Wanderer on Aug 10, 2021.
             Slain by a worm (8 damage)
             ... on level 2 of the Dungeon.
             The game lasted 00:05:40 (1820 turns).

Naeght the Digger (Gnoll Wanderer)                  Turns: 1820, Time: 00:05:40

Health: 0/34       AC:  3    Str: 11    XL:     4   Next: 25%
Magic:  1/11       EV: 11    Int: 11    God:
Gold:   41         SH:  0    Dex: 13    Spells: 9/13 levels left

rFire    . . .     SeeInvis .   a - +2 mace
rCold    . . .     Faith    .   (no shield)
rNeg     . . .     Spirit   .   d - +0 robe
rPois    .         Reflect  .   (no helmet)
rElec    .         Harm     .   g - +0 cloak
rCorr    .         Rampage  .   (no gloves)
Will     .....                  (no boots)
Stlth    ++........             (no amulet)
HPRegen  0.11/turn              (no ring)
MPRegen  0.12/turn              (no ring)

@: very slightly contaminated
A: fangs 1, strong nose, distributed training
a: no special abilities


You were on level 2 of the Dungeon.
You visited 1 branch of the dungeon, and saw 2 of its levels.

You collected 41 gold pieces.

Inventory:

Hand Weapons
 a - a +2 mace (weapon)
 c - a +0 dagger
Missiles
 b - 10 poisoned darts (quivered)
Armour
 d - a +0 robe (worn)
 g - a +0 cloak (worn)
Magical Staves
 i - a staff of poison
Scrolls
 e - a scroll of teleportation {unknown}
 f - a scroll of identify {unknown}


   Skills:
 + Level 2.7 Fighting
 + Level 1.1 Short Blades
 + Level 1.1 Long Blades
 + Level 1.1 Axes
 + Level 2.7 Maces & Flails
 + Level 1.1 Polearms
 + Level 1.1 Staves
 + Level 1.1 Slings
 + Level 1.1 Bows
 + Level 1.1 Crossbows
 + Level 2.7 Throwing
 + Level 2.7 Armour
 + Level 1.1 Dodging
 + Level 2.5 Stealth
 + Level 1.1 Shields
 + Level 1.1 Unarmed Combat
 + Level 5.0 Spellcasting
 + Level 0.8 Conjurations
 + Level 0.8 Hexes
 + Level 0.8 Summonings
 + Level 0.8 Necromancy
 + Level 0.8 Translocations
 + Level 0.8 Transmutations
 + Level 0.8 Fire Magic
 + Level 0.8 Ice Magic
 + Level 0.8 Air Magic
 + Level 5.4 Earth Magic
 + Level 0.8 Poison Magic
 + Level 1.2 Invocations
 + Level 1.1 Evocations


You had 9 spell levels left.
You knew the following spells:

 Your Spells              Type           Power      Damage    Failure   Level
a - Shock                 Conj/Air       16%        1d4       16%         1
b - Swiftness             Air            4%         N/A       41%         3

Your spell library contained the following spells:

 Spells                   Type           Power      Damage    Failure   Level


Dungeon Overview and Level Annotations

Branches:
Dungeon (2/15)

Altars:


Innate Abilities, Weirdness & Mutations

You have very sharp teeth.
Your uncanny sense of smell can sniff out nearby items.
Your experience applies equally to all skills.


Message History

Aim: a worm (lightly wounded, 88% to hit)
You miscast Shock.
Nothing appears to happen.
Casting: Shock (safe; 16% risk of failure)
Confirm with . or Enter, or press ? or * to list all spells.
Aiming: Shock (safe; 16% risk of failure)
Press: ? - help, Shift-Dir - straight line, f/p - worm
Aim: a worm (lightly wounded, 88% to hit)
The zap hits the worm.
The worm is moderately wounded.
The worm barely misses you.
Casting: Shock (safe; 16% risk of failure)
Confirm with . or Enter, or press ? or * to list all spells.
Aiming: Shock (safe; 16% risk of failure)
Press: ? - help, Shift-Dir - straight line, f/p - worm
Aim: a worm (moderately wounded, 88% to hit)
The zap hits the worm.
The worm is heavily wounded.
Casting: Shock (safe; 16% risk of failure)
Confirm with . or Enter, or press ? or * to list all spells.
Aiming: Shock (safe; 16% risk of failure)
Press: ? - help, Shift-Dir - straight line, f/p - worm
Aim: a worm (heavily wounded, 88% to hit)
The zap hits the worm.
The worm is severely wounded.
The worm bites you!
* * * LOW HITPOINT WARNING * * *
You hit the worm.
The worm is almost dead.
An endoplasm comes into view.
The worm bites you but does no damage.
You barely miss the worm.
The worm is almost dead.
You hit the worm.
The worm is almost dead.
The worm completely misses you.
You completely miss the worm.
The worm is almost dead.
A jackal comes into view.
The worm bites you!
You die...

.............#
####.##.####.##
#.#..###...##
#.<.........#
#.#.####.J..#
#.#.# ##.#.# .
#.#####$#.# ##
#..h......#####
......#@.......
#..##.##w......
#. # ..#####
..# ..# ..# ..#
...


You could see a worm, an endoplasm and a jackal (wandering).

Vanquished Creatures
  2 adders (D:2)
  4 dart slugs
  5 bats
  3 endoplasms (D:1)
  5 goblins (D:1)
  5 hobgoblins
  2 jackals (D:2)
  5 kobolds (D:1)
  2 quokkas
  4 ball pythons
  3 frilled lizards (D:1)
  4 rats (D:1)
44 creatures vanquished.

Notes
Turn   | Place    | Note
-------+----------+-------------------------------------------
     0 | D:1      | Naeght the Gnoll Wanderer began the quest for the Orb.
     0 | D:1      | Naeght set off with the following items: a +2 mace, 10
                  | poisoned darts, a +0 dagger, a +0 robe; and the following
                  | spell memorised: Shock; and the following spells available
                  | to memorise: Swiftness
     0 | D:1      | Reached XP level 1. HP: 17/17 MP: 6/6
    94 | D:1      | Reached XP level 2. HP: 23/23 MP: 7/7
   711 | D:1      | Reached XP level 3. HP: 8/28 MP: 9/9
   932 | D:1      | Learned a level 3 spell: Swiftness
  1013 | D:1      | Reached skill level 5 in Spellcasting
  1226 | D:1      | Reached skill level 1 in Invocations
  1669 | D:2      | Reached skill level 1 in Short Blades
  1669 | D:2      | Reached skill level 1 in Long Blades
  1669 | D:2      | Reached skill level 1 in Axes
  1669 | D:2      | Reached skill level 1 in Polearms
  1669 | D:2      | Reached skill level 1 in Staves
  1669 | D:2      | Reached skill level 1 in Slings
  1669 | D:2      | Reached skill level 1 in Bows
  1669 | D:2      | Reached skill level 1 in Crossbows
  1669 | D:2      | Reached skill level 1 in Dodging
  1669 | D:2      | Reached skill level 1 in Shields
  1669 | D:2      | Reached skill level 1 in Unarmed Combat
  1669 | D:2      | Reached skill level 1 in Evocations
  1687 | D:2      | Reached XP level 4. HP: 18/34 MP: 1/11
  1820 | D:2      | Slain by a worm

Illustrated notes

Levels and vault maps discovered:
D:1:      minmay_arrival_five_plusses, layout_basic, minmay_misc_feat_ornament,
          st_stairs_11, minmay_tromino_mix6
D:2:      layout_loops_ring

Skill      XL: |  1  2  3 |
---------------+----------+-----
Spellcasting   | 5 |  5.0
Invocations    | 1 |  1.2
Short Blades   | 1 |  1.1
Long Blades    | 1 |  1.1
Axes           | 1 |  1.1
Polearms       | 1 |  1.1
Staves         | 1 |  1.1
Slings         | 1 |  1.1
Bows           | 1 |  1.1
Crossbows      | 1 |  1.1
Dodging        | 1 |  1.1
Shields        | 1 |  1.1
Unarmed Combat | 1 |  1.1
Evocations     | 1 |  1.1
Fighting       | |  2.7
Maces & Flails | |  2.7
Throwing       | |  2.7
Armour         | |  2.7
Stealth        | |  2.5
Conjurations   | |  0.8
Hexes          | |  0.8
Summonings     | |  0.8
Necromancy     | |  0.8
Translocations | |  0.8
Transmutations | |  0.8
Fire Magic     | |  0.8
Ice Magic      | |  0.8
Air Magic      | |  0.8
Earth Magic    | |  5.4
Poison Magic   | |  0.8

Action                   |  1- 3 |  4- 6 || total
-------------------------+-------+-------++-------
Melee: Mace              |    63 |    11 ||    74
       Bite              |     3 |       ||     3
Throw: Dart              |     1 |       ||     1
 Cast: Shock             |    29 |     9 ||    38
  Use: Potion            |       |     2 ||     2
 Stab: Sleeping          |     1 |       ||     1
Armor: Robe              |    17 |     5 ||    22
Dodge: Dodged            |    40 |     8 ||    48
